 Dungeon Sprint DCSS version 0.24.0-125-gc4c63601f3 (webtiles) character file.

Game seed: 16341060564880199800, levelgen mode: deterministic

2127 Ponchio the Geomancer (level 9, -5/60 (62) HPs)
             Began as a Deep Elf Earth Elementalist on Feb 17, 2020.
             Slain by a skeletal warrior
             ... wielding a +0 battleaxe
              (25 damage)
             ... in the Dungeon (Sprint II: "The Violet Keep of Menkaure").
             The game lasted 00:08:16 (1082 turns).

Ponchio the Geomancer (Deep Elf Earth Elementalist) Turns: 1082, Time: 00:08:17

HP:   -5/60 (62)    AC:  2    Str:  5    XL:     9   Next: 8%
MP:   18/27         EV: 19    Int: 24    God:
Gold: 993           SH:  0    Dex: 15    Spells: 17/32 levels left

rFire    . . .     SeeInvis .   (no weapon)
rCold    . . .     Gourm    .   (no shield)
rNeg     . . .     Faith    .   c - +0 robe
rPois    .         Spirit   .   (no helmet)
rElec    .         Reflect  .   (no cloak)
rCorr    .         Harm     .   (no gloves)
MR       .....     NoTele   +   (no boots)
Stlth    ++........             (no amulet)
HPRegen  0.20/turn              (no ring)
MPRegen  0.20/turn              (no ring)

@: no status effects
A: no striking features
a: no special abilities


You were in the Dungeon.
You were hungry.

You visited 1 branch You collected 993 gold pieces.

Inventory:

Missiles
 b - 17 stones (quivered)
Armour
 c - a +0 robe (worn)
Scrolls
 j - a scroll of blinking
Potions
 e - a potion of curing
 f - a potion of heal wounds
 i - a potion of berserk rage
Comestibles
 a - a chunk of flesh
 d - a ration


   Skills:
 * Level 10.2 Fighting
 + Level 10.5 Dodging
 - Level 2.4 Stealth
 - Level 12.1 Spellcasting
 - Level 1.1 Transmutations
 - Level 12.3 Earth Magic


You had 17 spell levels left.
You knew the following spells:

 Your Spells              Type           Power        Failure   Level  Hunger
a - Sandblast             Erth           ######       1%          1    None
b - Passwall              Tmut/Erth      #####...     1%          2    None
c - Stone Arrow           Conj/Erth      #####.       1%          3    None
d - Petrify               Tmut/Erth      #####...     2%          4    None
e - Lee's Rapid Deconstr  Erth           ######....   1%          5    ###....

Your spell library contained the following spells:

 Spells                   Type           Power        Failure   Level  Hunger


Dungeon Overview and Level Annotations

Branches:
Dungeon (1/1)

Altars:

Shops:
D %:![?(%[!*=[(=}:

Annotations:
D exclusion: oklob plant


Message History

The skeletal warrior hits you with a +0 battleaxe!!
Casting: Sandblast (safe; 1% risk of failure)
Confirm with . or Enter, or press ? or * to list all spells.
Aiming: Sandblast (safe; 1% risk of failure)
Press: ? - help, Shift-Dir - straight line, f/p - skeletal warrior
Aim: a skeletal warrior, wielding a +0 battleaxe (heavily damaged)
The blast of sand hits the skeletal warrior!
The skeletal warrior is heavily damaged.
b - 18 stones The skeletal warrior hits you with a +0 battleaxe!
Casting: Sandblast (safe; 1% risk of failure)
Confirm with . or Enter, or press ? or * to list all spells.
Aiming: Sandblast (safe; 1% risk of failure)
Press: ? - help, Shift-Dir - straight line, f/p - skeletal warrior
Aim: a skeletal warrior, wielding a +0 battleaxe (heavily damaged)
The blast of sand hits the skeletal warrior but does no damage.
The skeletal warrior is heavily damaged.
b - 17 stones The skeletal warrior hits you with a +0 battleaxe!!
You die...

≈## ############≈≈#
###########≈≈≈...
##.∩.∩....#≈≈≈≈.##+##
##..∩.∩...#≈≈≈≈##...##
##...∩.∩..#≈≈≈≈#..#..#
##....@z⌠.#≈≈####.#.###
##...∩.∩..#≈##.###'###.
##..∩.∩...#≈#...##.##..
##.∩.∩....'≈'###'.<.')#
##∩.∩.....#≈#...##.##..
#▓▓▓▓▓▓▓###≈##.###'###.
##J{{######≈≈######.###
#(.J#G ##≈≈≈#..##.#
#∩P(+!. #'#≈##..≈##≈


You could see a skeletal warrior, a large slime creature and a slime creature.

Vanquished Creatures
  A merfolk siren (D)
  2 tyrant leeches (D)
  A blink frog (D)
  3 neqoxecs (D)
  Menkaure (D)
  4 necrophages (D)
  9 electric eels (D)
21 creatures vanquished.

Vanquished Creatures (others)
  A neqoxec (D)
  A crocodile (D)
2 creatures vanquished.

Grand Total: 23 creatures vanquished

Notes
Turn   | Place    | Note
-------+----------+-------------------------------------------
     0 | D        | Ponchio the Deep Elf Earth Elementalist began the quest for
                  | the Orb.
     0 | D        | Reached XP level 1. HP: 10/10 MP: 6/6
     1 | D        | Noticed a merfolk siren
     5 | D        | Noticed a tyrant leech
     5 | D        | Noticed a tyrant leech
     9 | D        | Noticed a necrophage
     9 | D        | Noticed a necrophage
     9 | D        | Noticed a necrophage
     9 | D        | Noticed a necrophage
    16 | D        | Killed a necrophage
    16 | D        | Reached XP level 2. HP: 15/15 MP: 2/12
    16 | D        | Reached XP level 3. HP: 19/19 MP: 2/13
    16 | D        | Reached XP level 4. HP: 24/24 MP: 2/15
    18 | D        | Killed a necrophage
    18 | D        | Reached skill level 10 in Earth Magic
    18 | D        | Reached XP level 5. HP: 17/27 MP: 0/18
    20 | D        | Killed a necrophage
    20 | D        | Reached XP level 6. HP: 19/31 MP: 17/20
    25 | D        | Reached skill level 10 in Spellcasting
   264 | D        | Learned a level 2 spell: Passwall
   268 | D        | Learned a level 3 spell: Stone Arrow
   273 | D        | Learned a level 4 spell: Petrify
   279 | D        | Learned a level 5 spell: Lee's Rapid Deconstruction
   284 | D        | Noticed a neqoxec
   288 | D        | Killed a neqoxec
   288 | D        | Noticed a neqoxec
   414 | D        | Killed a neqoxec
   414 | D        | Reached XP level 7. HP: 39/39 MP: 17/23
   418 | D        | Reached skill level 5 in Dodging
   419 | D        | Noticed a blink frog
   419 | D        | Noticed a neqoxec
   435 | D        | Killed a neqoxec
   435 | D        | Reached skill level 5 in Fighting
   540 | D        | Killed a neqoxec
   636 | D        | Killed a merfolk siren
   636 | D        | Reached XP level 8. HP: 44/51 MP: 4/26
   750 | D        | Killed a blink frog
   908 | D        | Found Fubberud's Book Emporium.
   927 | D        | Killed a tyrant leech
   929 | D        | Killed a tyrant leech
   929 | D        | Reached skill level 10 in Dodging
   929 | D        | Reached XP level 9. HP: 60/60 MP: 6/27
  1037 | D        | Found Alipaxte's Antique Weapon Shoppe.
  1037 | D        | Found Alokk's Gadget Shoppe.
  1037 | D        | Found Jevog's Antique Armour Emporium.
  1038 | D        | Found Ibeos's Jewellery Emporium.
  1038 | D        | Found Pemiubu's General Store.
  1038 | D        | Found Daczuss's Distillery.
  1038 | D        | Found Eloruug's Antique Armour Shoppe.
  1039 | D        | Found Guymiv's Food Emporium.
  1039 | D        | Found Reacoybb's Antique Weapon Shoppe.
  1039 | D        | Found Ynlirr's Magic Scroll Shoppe.
  1040 | D        | Found Hucul's Jewellery Emporium.
  1056 | D        | Found Biadghida's Antique Armour Shoppe.
  1056 | D        | Found Zopsucyn's Distillery.
  1056 | D        | Noticed Menkaure
  1056 | D        | Noticed an oklob plant
  1057 | D        | Found Jaudgh's Food Shoppe.
  1057 | D        | Found Jicyx's Book Shoppe.
  1060 | D        | Killed Menkaure
  1060 | D        | Reached skill level 10 in Fighting
  1063 | D        | Noticed a skeletal warrior
  1067 | D        | Noticed a great orb of eyes
  1082 | D        | Slain by a skeletal warrior

Levels and vault maps discovered:
D:        the_violet_keep_of_menkaure [sprint2_stairs_cluster_1,
          sprint2_shoproom, sprint2_temple, sprint2_basic_supplies,
          sprint2_obstacle_7, sprint2_obstacle_2, sprint2_obstacle_1,
          sprint2_obstacle_4, sprint2_obstacle_6, sprint2_timed_cluster_1,
          sprint2_smallroom_cluster_1, sprint2_smallroom_final_cluster_1,
          sprint2_transparent_cluster_1, sprint2_second_timed_cluster_1,
          sprint2_sniper_area_1, sprint2_heavy_combat_area_1,
          sprint2_mutation_trap_area_1, sprint2_forest_area_1,
          sprint2_light_combat_area_1, sprint2_behind_water_1,
          sprint2_near_end_vault_1]

Skill      XL: |  1  2  3  4  5  6  7  8  9 |
---------------+----------------------------+-----
Spellcasting   | 7 8 9 11 12 | 12.1
Earth Magic    | 8 10 11 12 | 12.3
Fighting       | 3 7 9 10 | 10.2
Dodging        | 4 8 10 | 10.5
Stealth        | |  2.4
Transmutations | |  1.1

Action                   |  1- 3 |  4- 6 |  7- 9 || total
-------------------------+-------+-------+-------++-------
 Cast: Sandblast         |     3 |     7 |     3 ||    13
       Lee's Rapid Decon |       |     3 |    22 ||    25
  Use: Potion            |     1 |     1 |     1 ||     3
  Eat: Chunk             |       |       |     3 ||     3
Dodge: Dodged            |     2 |     1 |     1 ||     4
